 Dungeon Crawl Stone Soup version 0.23-a0-368-g82e90586b2 (webtiles) character file.

1598541 Flugkiller the Slayer (level 25, 245/245 HPs)
             Began as a Centaur Hunter on Oct 24, 2018.
             Was a High Priest of Okawaru.
             Escaped with the Orb
             ... and 3 runes!
             The game lasted 02:09:35 (73416 turns).

Flugkiller the Slayer (Centaur Hunter)             Turns: 73416, Time: 02:09:36

Health: 245/245    AC: 54    Str: 27    XL:     25   Next: 68%
Magic:  33/33      EV: 13    Int: 21    God:    Okawaru [*****.]
Gold:   996        SH:  0    Dex: 14    Spells: 35/38 levels left

rFire    + + .     SeeInvis +   P - +9 longbow of Rooz {velocity, rF+ Int+3 SInv}
rCold    + + +     Gourm    .   (shield currently unavailable)
rNeg     . . .     Faith    .   Q - +8 orange crystal plate armour {Archmagi, Int+3 Clar}
rPois    .         Spirit   +   K - +4 helmet of Qutilice {+Inv MR+}
rElec    .         Reflect  .   m - scarf {rC+ rF+}
rCorr    .         Harm     .   T - +0 pair of gloves of Duty {Str+4}
MR       ++...     Clarity  +   N - +0 centaur barding of Cetimish {-Tele Int+7} Stlth ..........NoTele +
                                A - amulet of guardian spirit
HPRegen  0.50/turn              D - +5 ring of protection
MPRegen  0.23/turn              Y - ring of Vaheiq {rC++ EV+3 SInv}

@: very quick
A: large, hooves 3, slimy green scales 1, thin metallic scales 1, yellow scales
1, blink, deformed body, deterioration 1, dopey 1, speed 2, teleportitis 1,
tough skin 3
0: Orb of Zot
}: 3/15 runes: barnacled, abyssal, gossamer
a: Blink, Heroism, Finesse, Renounce Religion, Evoke Invisibility


You escaped.
You worshipped Okawaru.
Okawaru was extremely pleased with you.
You were completely stuffed.

You visited 10 branches of the dungeon, and saw 47 of its levels.
You visited the Abyss 3 times.

You collected 4168 gold pieces.
You spent 3172 gold pieces at shops.

Inventory:

Hand Weapons
 a - the +8 storm bow {elec}
   (Okawaru gifted it to you on level 4 of the Spider Nest)

   It charges the ammunition it shoots with electricity; occasionally upon a
   hit, such missiles may discharge and cause terrible harm.
 P - the +9 longbow of Rooz (weapon) {velocity, rF+ Int+3 SInv}
   (Okawaru gifted it to you on level 5 of the Depths)

   Any arrow fired from it inflicts extra damage.
   It affects your intelligence (+3).
   It protects you from fire.
   It lets you see invisible.
Missiles
 d - 888 arrows (quivered)
Armour
 i - a +4 centaur barding of fire resistance
   (Okawaru gifted it to you on level 4 of the Spider Nest)
 m - a scarf of resistance (worn)
   (You found it on level 4 of the Realm of Zot)
 K - the +4 helmet of Qutilice (worn) {+Inv MR+}
   (You found it on level 3 of the Depths)

   It affects your resistance to hostile enchantments.
   It lets you turn invisible.
 N - the +0 centaur barding of Cetimish (worn) {-Tele Int+7}
   (Okawaru gifted it to you on level 1 of the Depths)

   It affects your intelligence (+7).
   It prevents most forms of teleportation.
 Q - the +8 orange crystal plate armour (worn) {Archmagi, Int+3 Clar}
   (You bought it in a shop on level 4 of the Vaults)

   It affects your intelligence (+3).
   It protects you against confusion.
 R - a +2 cloak of poison resistance
   (You took it off a draconian annihilator on level 5 of the Realm of Zot)
 T - the +0 pair of gloves of Duty (worn) {Str+4}
   (Okawaru gifted it to you on level 3 of the Elven Halls)

   It affects your strength (+4).
 W - a +1 cloak
   (You took it off a draconian annihilator on level 5 of the Realm of Zot)
 X - a +2 cloak of poison resistance
   (You took it off Nikola on level 1 of the Vaults)
Jewellery
 A - an amulet of guardian spirit (around neck)
   (You found it on level 7 of the Dungeon)
 D - a +5 ring of protection (left hand)
   (You took it off a yaktaur on level 1 of the Vaults)
 Y - the ring of Vaheiq (right hand) {rC++ EV+3 SInv}
   (You took it off a deep elf demonologist on level 2 of the Depths)

   [ring of evasion]

   It affects your evasion (+3).
   It greatly protects you from cold.
   It lets you see invisible.
Wands
 q - a wand of acid (26)
   (You found it on level 1 of the Lair of Beasts)
 x - a wand of polymorph (37)
   (You found it on level 4 of the Dungeon)
 y - a wand of disintegration (31)
   (You found it on level 2 of the Shoals)
 z - a wand of flame (193)
   (You found it on level 6 of the Dungeon)
 E - a wand of iceblast (57)
   (You found it on level 2 of the Lair of Beasts)
 G - a wand of scattershot (4)
   (You found it on level 3 of the Vaults)
 H - a wand of paralysis (34)
   (You found it on level 1 of the Shoals)
 I - a wand of digging (15)
   (You found it on level 9 of the Dungeon)
 O - a wand of enslavement (24)
   (You found it on level 10 of the Dungeon)
Scrolls
 c - 6 scrolls of identify
 h - 24 scrolls of teleportation
 l - 6 scrolls of blinking
 n - 3 scrolls of amnesia
 r - 26 scrolls of remove curse
 u - 2 scrolls of silence
 v - 7 scrolls of immolation
 w - 5 scrolls of magic mapping
 J - 3 scrolls of enchant armour
 L - 6 scrolls of fear
 Z - 2 scrolls of fog
Potions
 e - 7 potions of heal wounds
 g - 5 potions of haste
 j - 13 potions of curing
 k - 5 potions of lignification
 o - 10 potions of might
 p - a potion of resistance
 s - 8 potions of brilliance
 t - 11 potions of flight
 B - 7 potions of agility
 C - 2 potions of berserk rage
 F - 2 potions of invisibility
 S - 3 potions of cancellation
 V - 3 potions of magic
Miscellaneous
 M - a lamp of fire
   (You found it on level 4 of the Depths)
 U - 2 phantom mirrors
Comestibles
 f - 77 rations


   Skills:
 - Level 24.0 Fighting
 - Level 20.0 Bows
 + Level 17.3 Armour
 + Level 17.3 Dodging
 - Level 0.4 Stealth
 - Level 7.0 Spellcasting
 - Level 8.5 Hexes
 - Level 8.5 Translocations
 - Level 9.0 Invocations
 - Level 5.0 Evocations


You had 35 spell levels left.
You knew the following spells:

 Your Spells              Type           Power        Failure   Level  Hunger
a - Portal Projectile     Hex/Tloc       ######       13%         3    #......

Your spell library contained the following spells:

 Spells                   Type           Power        Failure   Level  Hunger
 Corona                   Hex            ######.      4%          1    None
 Blink                    Tloc           N/A          7%          2    None
 Slow                     Hex            ######..     7%          2    None
 Gell's Gravitas          Tloc           ######....   13%         3    #......
 Lesser Beckoning         Tloc           ######....   13%         3    #......
 Teleport Other           Tloc           ######..     13%         3    #......
 Shroud of Golubria       Chrm/Tloc      #####.....   36%         2    None
 Cause Fear               Hex            ######....   41%         4    ###....
 Dazzling Spray           Conj/Hex       #####.       58%         3    #......
 Inner Flame              Hex/Fire       #####...     58%         3    #......
 Spectral Weapon          Hex/Chrm       #####...     58%         3    #......
 Summon Guardian Golem    Hex/Summ       #####...     58%         3    #......
 Beastly Appendage        Tmut           ##....       82%         1    None
 Flame Tongue             Conj/Fire      ##...        82%         1    None
 Infusion                 Chrm           ##..         82%         1    None
 Magic Dart               Conj           ##..         82%         1    None
 Summon Small Mammal      Summ           ##..         82%         1    None
 Call Imp                 Summ           ##......     91%         2    None
 Corpse Rot               Necr           N/A          91%         2    None
 Poisonous Vapours        Pois/Air       ##....       91%         2    None
 Searing Ray              Conj           ##....       91%         2    None
 Song of Slaying          Chrm           ##......     91%         2    None
 Sticks to Snakes         Tmut           ##......     91%         2    None
 Sublimation of Blood     Necr           ##........   91%         2    None
 Throw Flame              Conj/Fire      ##....       91%         2    None
 Throw Frost              Conj/Ice       ##....       91%         2    None
 Force Lance              Conj/Tloc      #####...     94%         4    ###....
 Fulminant Prism          Conj/Hex       #####.....   94%         4    ###....
 Leda's Liquefaction      Hex/Erth       #####.....   94%         4    ###....
 Call Canine Familiar     Summ           ##......     99%         3    #......
 Conjure Flame            Conj/Fire      ##......     99%         3    #......
 Ignite Poison            Fire/Tmut/Pois ##......     99%         3    #......
 Mephitic Cloud           Conj/Pois/Air  ##......     99%         3    #......
 Ozocubu's Armour         Chrm/Ice       ##......     99%         3    #......
 Regeneration             Chrm/Necr      ##........   99%         3    #......
 Spider Form              Tmut/Pois      ##........   99%         3    #......
 Stone Arrow              Conj/Erth      ##....       99%         3    #......
 Ice Form                 Ice/Tmut       ##......     100%        4    ###....
 Iskenderun's Mystic Bla  Conj           ##......     100%        4    ###....
 Petrify                  Tmut/Erth      ##......     100%        4    ###....
 Sticky Flame             Conj/Fire      ##......     100%        4    ###....
 Summon Ice Beast         Ice/Summ       ##......     100%        4    ###....
 Summon Lightning Spire   Summ/Air       ##......     100%        4    ###....
 Alistair's Intoxication  Tmut/Pois      ##......     100%        5    #####..
 Blade Hands              Tmut           ##........   100%        5    #####..
 Bolt of Magma            Conj/Fire/Erth ##........   100%        5    #####..
 Fireball                 Conj/Fire      ##........   100%        5    #####..
 Irradiate                Conj/Tmut      ##........   100%        5    #####..
 Iskenderun's Battlesphe  Conj/Chrm      ##......     100%        5    #####..
 Metabolic Englaciation   Hex/Ice        #####.....   100%        5    #####..
 Summon Forest            Summ/Tloc      #####.....   100%        5    #####..
 Venom Bolt               Conj/Pois      ##........   100%        5    #####..
 Bolt of Cold             Conj/Ice       ##........   100%        6    ######.
 Bolt of Fire             Conj/Fire      ##........   100%        6    ######.
 Freezing Cloud           Conj/Ice/Air   ##........   100%        6    ######.
 Hydra Form               Tmut           ##........   100%        6    ######.
 Iron Shot                Conj/Erth      ##........   100%        6    ######.
 Ozocubu's Refrigeration  Ice            ##........   100%        6    ######.
 Simulacrum               Ice/Necr       ##........   100%        6    ######.
 Statue Form              Tmut/Erth      ##.......    100%        6    ######.
 Dragon Form              Tmut           ##........   100%        7    #######
 Orb of Destruction       Conj           ##........   100%        7    #######
 Ring of Flames           Chrm/Fire      ##........   100%        7    #######
 Spellforged Servitor     Conj/Summ      ##........   100%        7    #######
 Summon Hydra             Summ           ##........   100%        7    #######
 Ignition                 Fire           ##........   100%        8    #######
 Passage of Golubria      Tloc           Unusable     N/A         4    N/A

Dungeon Overview and Level Annotations

Branches:
Dungeon (15/15)            Temple (1/1) D:5            Lair (4/6) D:8
 Shoals (4/4) Lair:4       Spider (4/4) Lair:2          Orc (2/2) D:12
    Elf (3/3) Orc:2        Vaults (4/5) D:14          Crypt (0/3) Vaults:2
 Depths (5/5) D:15            Zot (5/5) Depths:5

Altars:
Ashenzari
Cheibriados
Dithmenos
Elyvilon
Fedhas
Gozag
Hepliaklqana
Kikubaaqudgha
Makhleb
Nemelex Xobeh
Okawaru
Qazlal
Ru
Sif Muna
Trog
Uskayaw
Vehumet
Wu Jian
Xom
Yredelemnul
Zin
The Shining One
Beogh

Shops:
D:4 }   D:12 (   Orc:2 [[*(   Elf:1 !   Elf:2 !([*   Elf:3 *   Shoals:1 [[!
Vaults:3 *   Vaults:4 [   Depths:4 =}}

Portals:
Hell: Depths:1 Depths:2 Depths:3 Depths:4 Depths:5
Abyss: Depths:1 Depths:2 Depths:4
Pandemonium: Depths:3
Ziggurat: Depths:5
Trove: D:11 (give +3 shadow dragon scales)

Annotations:
D:13 1 runed door, exclusions: daeva, 2 downstairs and 1 more exclusion
Lair:3 3 runed doors, Pihasey's ghost, journeyman VSBe
Lair:4 2 runed doors, exclusion: oklob plant, Idghatic's ghost, journeyman GnAE
Shoals:1 3 runed doors, exclusion: Roxanne, Dyleax's ghost, adept DsAK; Roxanne
Spider:2 1 runed door, P0WERM0DE's ghost, journeyman DDFi
Elf:2 3 runed doors
Depths:1 1 runed door
Depths:5 the Enchantress
Zot:5 2 runed doors, exclusion: obsidian statue, Dyme's ghost, master DDBe


Innate Abilities, Weirdness & Mutations

You have hooves in place of feet.
Armour fits poorly on your strangely shaped body.
You cover ground very quickly.
You have extremely tough skin. (AC +3)
You are partially covered in slimy green scales. (AC +2)
You are partially covered in thin metallic scales. (AC +2)
You are partially covered in yellow scales. (AC +2)
You can translocate small distances at will.
Your body sometimes deteriorates upon taking damage.
You are dopey. (Int -2)
You are occasionally teleported next to monsters.


Message History

There is a stone staircase leading down here.
There is a stone staircase leading up here.
You climb upwards.
There is a stone staircase leading down here.
A balrug and 2 sun demons come into view.
The balrug is wielding a +0 demon whip of venom.
The sun demon shouts!
There is a stone staircase leading up here.
You climb upwards.
There is a stone staircase leading down here.
Things that are here:
an uncursed ring of ice; a -4 ring of slaying You eat one of the 80 rations.
That ration really hit the spot!
You eat one of the 79 rations.
That ration really hit the spot!
You eat one of the 78 rations.
That ration really hit the spot!
(D) Dungeon (T) Temple (L) Lair (A) Shoals (N) Spider Nest (O) Orcish Mines (E) Elven Halls (V) Vaults (C) Crypt (U) Depths (H) Hell (Z) Zot
Where to? (Enter - D:1 @ (x,y), ? - help)
You see here a +0 short sword.
There is a stone staircase leading up here.
You climb upwards.
There is a stone staircase leading down here.
There is a stone staircase leading up here.
You climb upwards.
There is a stone staircase leading down here.
A gelid demonspawn comes into view. It is wielding a +1 demon whip of pain.
The gelid demonspawn moves out of view.
A red devil, a balrug and a sun demon come into view.
The balrug is wielding a +1 vampiric demon whip.
Really attack while wielding the +9 longbow of Rooz {velocity, rF+ Int+3 SInv}? [Y]es or [N]o only, please.
Really attack while wielding the +9 longbow of Rooz {velocity, rF+ Int+3 SInv}?
Okay, then.
The sun demon shouts!
The sun demon hits you!
You are engulfed in flames.
You resist. The red devil misses you.
There is a stone staircase leading up here.
The balrug gestures at you. The bolt of fire hits you! You resist.
The sun demon barely misses you.
The red devil hops backward while attacking.
The red devil hits you from afar with a +0 trident.
The sun demon closely misses you.
You climb upwards.
There is a stone staircase leading down here.
The sun demon barely misses you. The sun demon misses you.
There is a staircase leading out of the dungeon here.
Enter note: gg You have escaped!

..........(.# ##....
............# #.....
............# #.....
..........[## #..... ....#.....##
#..... #####..#..### #.....
#####.......# #.....
.#.>........# ♣♣♣♣♣♣♣♣♣ #.....
...###......# ♣@......♣ #.....
.### #......###♣♣PPPPP3♣ #.....
.## #......##...P≈≈≈P.♣ #.....
..# #[.....##.♣.P≈8≈P.♣ ##....
..########...#.♣.P≈≈≈P.♣ ##...
..#.### #...#3♣.PPPPP.♣######.#.
......## #.....♣.......♣.........
.......###.....♣♣♣♣♣♣♣♣♣..###..##
.##.............# ##.###.###


You could see a sun demon.

Vanquished Creatures
  2 ancient liches (Zot:5)
  6 orbs of fire (Zot:5)
  Mara (Vaults:2)
  4 curse toes
  5 Killer Klowns (Zot:5)
  Xtahua (Vaults:4)
  Nikola (Vaults:1)
  5 golden dragons
  2 bone dragons
  3 electric golems
  25 Orb Guardians
  2 liches
  10 tentacled monstrosities
  2 quicksilver dragons
  2 titans
  5 acid blobs (Depths:3)
  2 deep elf blademasters (Elf:3)
  2 krakens (Shoals:3)
  3 deep elf master archers (Elf:3)
  Frances (Elf:1)
  A sphinx (Depths:3)
  4 death cobs
  3 tengu reavers
  7 draconian monks
  9 storm dragons
  5 shadow dragons
  Ilsuiw (Shoals:4)
  3 azure jellies (Depths:3)
  A draconian scorcher (Zot:5)
  8 fire giants
  6 frost giants
  9 deep elf sorcerers (Elf:3)
  7 ghost moths
  13 vault wardens
  Louise (Depths:2)
  4 emperor scorpions (Spider:4)
  A balrug (Depths:1)
  4 draconian shifters
  4 deep elf elementalists
  A draconian stormcaller (Zot:5)
  5 spriggan defenders
  3 draconian annihilators
  A ghoul (Vaults:4)
  22 stone giants
  13 ironheart preservers
  A caustic shrike skeleton (Depths:3)
  A war gargoyle (Abyss:4)
  6 green draconians
  17 very ugly things
  7 entropy weavers
  5 deep elf annihilators (Elf:3)
  4 deep elf demonologists
  3 vampire knights
  6 yellow draconians
  3 white draconians
  Azrael (Spider:2)
  2 black draconians
  A dire elephant (D:15)
  6 red draconians
  6 purple draconians
  12 spark wasps
  10 deep elf death magi
  10 merfolk javelineers
  6 fire dragons
  2 jiangshi (Depths:3)
  6 death oozes (Depths:3)
  8 ettins
  10 merfolk impalers
  6 great orbs of eyes
  A crystal guardian (Vaults:4)
  8 ice dragons
  9 yaktaur captains
  Fannar (D:11)
  4 deep elf high priests (Elf:3)
  6 vault guards
  3 rakshasas
  7 hydras
  3 spriggan air magi
  6 merfolk aquamancers
  2 catoblepae (Abyss:4)
  9 two-headed ogres
  An alligator snapping turtle (Shoals:4)
  3 death knights
  A satyr (Shoals:3)
  3 merfolk avatars
  A queen ant (Lair:2)
  8 ogre magi
  5 deep troll shamans
  9 centaur warriors
  23 dancing weapons
  4 tengu warriors
  8 deep troll earth magi
  3 spriggan berserkers
  An orc high priest (Elf:3)
  A titan zombie (Abyss:2)
  3 vampire magi
  5 hell knights (Depths:5)
  2 sun demons (Depths:1)
  23 deep elf knights
  2 shadow wraiths
  2 storm dragon skeletons (Depths:3)
  An iron troll (Depths:1)
  3 glowing orange brains
  A sixfirhy (Depths:2)
  A titan skeleton (Depths:3)
  16 skeletal warriors
  A death drake (Abyss:4)
  7 unseen horrors
  2 starcursed masses (Abyss:2)
  22 deep trolls
  5 flayed ghosts
  An infernal demonspawn (Depths:4)
  18 sea snakes
  4 golden dragon skeletons (Depths:3)
  2 phantasmal warriors (Vaults:4)
  12 deep elf archers
  6 wizards
  An orb spider (shapeshifter) (Vaults:2)
  14 orc knights
  14 ironbrand convokers
  18 harpies
  2 shadow dragon skeletons (Depths:3)
  3 necromancers
  30 wolf spiders
  59 deep elf magi
  9 cyclopes
  A tengu skeleton (Depths:3)
  15 manticores
  An orc sorcerer (Vaults:1)
  A sphinx skeleton (Depths:3)
  34 slime creatures
  20 orb spiders
  33 ugly things
  6 elephants
  A stone giant skeleton (Vaults:2)
  9 moths of wrath
  8 fauns
  4 iron dragon skeletons (Depths:3)
  A black mamba (Lair:3)
  4 merfolk sirens
  Psyche (D:12)
  7 vault sentinels
  3 frost giant skeletons (Depths:3)
  Joseph (D:8)
  A guardian serpent (shapeshifter) (Vaults:2)
  10 water nymphs
  9 spiny frogs
  2 spriggan skeletons (Depths:3)
  2 elf skeletons (Depths:3)
  5 gargoyles
  A rime drake (shapeshifter) (Vaults:1)
  5 komodo dragons
  47 yaktaurs
  6 demonic crawlers
  6 catoblepas skeletons (Abyss:4)
  4 efreet
  7 freezing wraiths
  A red devil (Depths:3)
  A yaktaur (shapeshifter) (Depths:3)
  2 jumping spiders (shapeshifter)
  3 tengu conjurers
  3 ancient zymes
  2 polar bears
  7 trolls
  A queen bee (shapeshifter) (Vaults:1)
  5 wind drakes
  A tengu simulacrum (Vaults:2)
  34 jumping spiders
  33 merfolk
  8 hornets
  A raiju (shapeshifter) (Vaults:2)
  3 blink frogs (Lair:3)
  15 snapping turtles
  10 hippogriffs
  A snapping turtle (shapeshifter) (Depths:3)
  A fire giant simulacrum (Vaults:1)
  8 flying skulls (Depths:3)
  2 shadows
  15 water elementals
  3 air elementals
  2 spriggans (Depths:5)
  20 tarantellas
  4 wyverns
  A centaur simulacrum (D:14)
  97 redbacks
  3 fire bats (Lair:4)
  53 yaks
  A ynoxinul (Abyss:4)
  A hog (shapeshifter) (Depths:2)
  3 wraiths
  2 large abominations (Abyss:2)
  3 small abominations
  2 hungry ghosts
  3 basilisks
  A chaos spawn (Abyss:4)
  11 fire elementals
  3 insubstantial wisps (Abyss:3)
  4 wargs
  28 soldier ants
  An acid dragon (Vaults:1)
  10 two-headed ogre zombies (D:9)
  A soldier ant (shapeshifter) (Vaults:1)
  2 hell hounds (Lair:2)
  6 water moccasins
  10 porcupines
  A floating eye (shapeshifter) (Vaults:2)
  6 ice beasts
  A black bear (shapeshifter) (Depths:2)
  A phantom (D:9)
  A sky beast (D:9)
  3 ettin simulacra (Depths:4)
  3 black bears
  49 orc warriors
  A necrophage (D:8)
  18 ogres
  An eye of draining (shapeshifter) (Vaults:4)
  6 wolves (Lair:4)
  10 boggarts
  26 centaurs
  25 crocodiles
  3 big kobolds
  Blork the orc (Orc:2)
  16 bullfrogs
  A gnoll sergeant (Orc:2)
  2 human skeletons
  12 earth elementals
  4 scorpions
  10 killer bees
  An orc simulacrum (Vaults:1)
  8 howler monkeys
  2 vampire bats (D:9)
  9 wights
  4 electric eels
  8 crimson imps
  2 bullfrog zombies
  A quasit (D:7)
  4 centaur zombies
  2 centaur skeletons
  7 jellies
  17 orc priests
  4 bullfrog skeletons
  8 hounds
  11 iguanas
  28 orc wizards
  19 worker ants
  A hound skeleton (D:10)
  12 adders
  4 shadow imps
  3 oozes
  4 worms
  2 dart slugs
  13 leopard geckos
  77 orcs
  2 ball pythons
  2 bat skeletons (D:9)
  3 bat zombies (D:9)
  5 giant cockroaches
  2 gnoll zombies (D:5)
  8 goblins
  9 hobgoblins
  17 jackals
  5 quokkas
  5 bats
  14 frilled lizards
  19 kobolds
  A leopard gecko skeleton (D:4)
  A quokka zombie (D:8)
  8 rats
  2 crawling corpses (Vaults:1)
  2 plants
  4 tentacles (Shoals:3)
2026 creatures vanquished.

Vanquished Creatures (collateral kills)
  the Enchantress (Depths:5)
1 creature vanquished.

Vanquished Creatures (others)
  An ancient champion (Vaults:2)
  A deep elf elementalist (Elf:3)
  An ironbrand convoker (Vaults:2)
  An unseen horror (Vaults:1)
  2 hornets
  A spiny frog simulacrum (Abyss:4)
  A bat (D:2)
  3 fungi
  25 plants
  34 tentacles
  A withered plant (Spider:2)
71 creatures vanquished.

Grand Total: 2098 creatures vanquished

Notes
Turn   | Place    | Note
-------+----------+-------------------------------------------
     0 | D:1      | Flugkiller the Centaur Hunter began the quest for the Orb.
     0 | D:1      | Reached XP level 1. HP: 17/17 MP: 1/1
   159 | D:1      | Reached XP level 2. HP: 25/25 MP: 2/2
   624 | D:2      | Found a burning altar of Makhleb.
   850 | D:2      | Reached XP level 3. HP: 27/30 MP: 3/3
   906 | D:2      | Found a glowing golden altar of the Shining One.
   970 | D:2      | Reached skill level 3 in Fighting
  1586 | D:3      | Reached XP level 4. HP: 36/38 MP: 4/4
  2475 | D:4      | Found Madaysyda's Gadget Shoppe.
  2573 | D:4      | Reached skill level 4 in Fighting
  2573 | D:4      | Reached XP level 5. HP: 46/46 MP: 5/5
  2856 | D:4      | Reached XP level 6. HP: 30/53 MP: 6/6
  2992 | D:4      | Reached skill level 5 in Fighting
  3431 | D:5      | Entered Level 5 of the Dungeon
  3835 | D:5      | Found a white marble altar of Elyvilon.
  3878 | D:5      | Reached XP level 7. HP: 61/61 MP: 7/7
  4279 | D:5      | Found a basalt altar of Yredelemnul.
  4304 | D:5      | Found a staircase to the Ecumenical Temple.
  4322 | Temple   | Entered the Ecumenical Temple
  4825 | D:6      | Reached skill level 6 in Fighting
  5080 | D:6      | Found an iron altar of Okawaru.
  5089 | D:6      | Became a worshipper of Warmaster Okawaru
  5371 | D:6      | Reached skill level 1 in Armour
  5486 | D:6      | Found an ornate altar of the Wu Jian Council.
  5486 | D:6      | Found a shattered altar of Ashenzari.
  5487 | D:6      | Found a shadowy altar of Dithmenos.
  5968 | D:7      | Reached XP level 8. HP: 30/71 MP: 8/8
  6838 | D:7      | Reached * piety under Okawaru
  7196 | D:7      | Noticed a hippogriff
  7231 | D:7      | Killed a hippogriff
  7372 | D:7      | Reached skill level 1 in Invocations
  7925 | D:7      | Reached ** piety under Okawaru
  7925 | D:7      | Reached skill level 10 in Bows
  8282 | D:8      | Reached XP level 9. HP: 68/77 MP: 9/11
  8986 | D:8      | Reached *** piety under Okawaru
  8986 | D:8      | Reached skill level 5 in Armour
  9294 | D:8      | Found a staircase to the Lair.
  9556 | D:8      | Noticed Joseph
  9589 | D:8      | Killed Joseph
  9589 | D:8      | Received a gift from Okawaru
  9589 | D:8      | Reached skill level 5 in Dodging
  9896 | D:8      | Noticed a two-headed ogre
  9955 | D:8      | Killed a two-headed ogre
  9955 | D:8      | Reached **** piety under Okawaru
  9955 | D:8      | Received a gift from Okawaru
  9955 | D:8      | Reached skill level 5 in Invocations
  9955 | D:8      | Reached XP level 10. HP: 84/84 MP: 11/14
 10427 | Lair:1   | Entered Level 1 of the Lair of Beasts
 10457 | Lair:1   | Noticed a spiny frog
 10502 | Lair:1   | Killed a spiny frog
 10502 | Lair:1   | Received a gift from Okawaru
 10720 | Lair:1   | Noticed a spiny frog
 10799 | D:8      | Killed a spiny frog
 11814 | Lair:1   | Reached ***** piety under Okawaru
 12186 | Lair:1   | Received a gift from Okawaru
 12545 | Lair:1   | Reached skill level 7 in Fighting
 13171 | Lair:2   | Noticed a spiny frog
 13171 | Lair:2   | Noticed a spiny frog
 13203 | Lair:1   | Killed a spiny frog
 13203 | Lair:1   | Received a gift from Okawaru
 13300 | Lair:1   | Killed a spiny frog
 13300 | Lair:1   | Reached skill level 8 in Fighting
 13300 | Lair:1   | Reached XP level 11. HP: 64/94 MP: 10/15
 13795 | Lair:1   | Reached skill level 15 in Bows
 14062 | Lair:2   | Received a gift from Okawaru
 14233 | Lair:2   | Found a hole to the Spider Nest.
 14497 | Lair:2   | Noticed a four-headed hydra
 14502 | Lair:2   | Killed a four-headed hydra
 14989 | Lair:3   | Received a gift from Okawaru
 15687 | Lair:3   | Found a runed gate.
 15688 | Lair:3   | Found a runed gate.
 15689 | Lair:3   | Found a runed gate.
 15690 | Lair:3   | Noticed Pihasey's ghost (journeyman VSBe)
 15691 | Lair:3   | Noticed an 11-headed hydra
 15725 | Lair:3   | Received a gift from Okawaru
 15729 | Lair:3   | Got a polished shortbow {god gift}
 15734 | Lair:3   | Identified the +5 shortbow of Civesch {speed, rC- MR+++
                  | Str-3 Dex+6} (Okawaru gifted it to you on level 3 of the
                  | Lair of Beasts)
 15830 | Lair:3   | Reached XP level 12. HP: 71/101 MP: 13/16
 16102 | Lair:4   | Reached ****** piety under Okawaru
 16340 | Lair:4   | Found a staircase to the Shoals.
 16492 | Lair:4   | Noticed a six-headed hydra
 16504 | Lair:4   | Killed a six-headed hydra
 16504 | Lair:4   | Received a gift from Okawaru
 17029 | Lair:4   | Found a large runed door.
 17029 | Lair:4   | Found a large runed door.
 17032 | Lair:4   | Noticed Idghatic's ghost (journeyman GnAE)
 17034 | Lair:4   | Found the +6 lightning scales {run, rElec}
 17681 | D:9      | Received a gift from Okawaru
 17684 | D:9      | Got a fine centaur barding {god gift}
 17761 | D:9      | Identified the +0 centaur barding "Darysiy" {*Contam Regen+
                  | Slay+2} (Okawaru gifted it to you on level 9 of the
                  | Dungeon)
 18184 | D:9      | Found an ancient bone altar of Kikubaaqudgha.
 18371 | D:9      | Found a bloodstained altar of Trog.
 18524 | D:9      | Noticed a four-headed hydra
 18567 | D:9      | Killed a four-headed hydra
 18683 | D:10     | Entered Level 10 of the Dungeon
 18689 | D:10     | Noticed a two-headed ogre
 18732 | D:10     | Killed a two-headed ogre
 18732 | D:10     | Reached XP level 13. HP: 71/107 MP: 11/17
 19115 | D:10     | Noticed Sonja
 19116 | D:10     | Noticed Sonja
 19116 | D:10     | Sonja changed into Sonja the meliai
 19117 | D:10     | Noticed Sonja
 19117 | D:10     | Sonja the meliai changed into Sonja the orb spider
 19124 | D:10     | Killed Sonja the orb spider
 19851 | D:11     | Noticed Fannar
 19887 | D:11     | Killed Fannar
 20450 | D:11     | Received a gift from Okawaru
 20592 | D:11     | Reached skill level 9 in Fighting
 20692 | D:11     | Found a portal to a secret trove of treasure.
 21389 | D:12     | Found Quyffech's Weapon Boutique.
 21393 | D:12     | Found a staircase to the Orcish Mines.
 21402 | D:12     | Reached skill level 10 in Fighting
 21778 | D:12     | Received a gift from Okawaru
 21896 | D:12     | Noticed Psyche
 21911 | D:12     | Killed Psyche
 21947 | D:12     | Received a gift from Okawaru
 22049 | D:13     | Found a white marble altar of Elyvilon.
 22049 | D:13     | Noticed a daeva
 22050 | D:13     | Found a runed door.
 22397 | D:13     | Received a gift from Okawaru
 22400 | D:13     | Got an ebony shortbow {god gift}
 22423 | D:13     | Identified the +1 shortbow "Centaur's Peril" {freeze, Int+7
                  | Dex+4} (Okawaru gifted it to you on level 13 of the
                  | Dungeon)
 22692 | D:13     | Got a fine hand crossbow
 22893 | D:14     | Found a blossoming altar of Fedhas.
 23132 | D:14     | Found a roughly hewn altar of Beogh.
 23522 | D:14     | Found a gate to the Vaults.
 23529 | D:14     | Reached XP level 14. HP: 121/121 MP: 20/20
 23599 | D:15     | Entered Level 15 of the Dungeon
 23680 | D:15     | Received a gift from Okawaru
 24287 | D:15     | Found a staircase to the Depths.
 24574 | Orc:1    | Entered Level 1 of the Orcish Mines
 24997 | Orc:2    | Entered Level 2 of the Orcish Mines
 25003 | Orc:2    | Received a gift from Okawaru
 25024 | Orc:2    | Reached skill level 10 in Armour
 25278 | Orc:2    | Found a staircase to the Elven Halls.
 25293 | Orc:2    | Noticed Blork the orc
 25299 | Orc:2    | Killed Blork the orc
 26216 | Orc:2    | Found Ceorrom's Assorted Antiques.
 26216 | Orc:2    | Found Tiblit's Antique Armour Boutique.
 26218 | Orc:2    | Found Ugemiluff's Armour Shop.
 26220 | Orc:2    | Found Kaitosm's Antique Weapon Shoppe.
 26494 | Spider:1 | Entered Level 1 of the Spider Nest
 26888 | Spider:1 | Received a gift from Okawaru
 27019 | Spider:1 | Noticed an entropy weaver
 27176 | Lair:2   | Killed an entropy weaver
 27229 | Spider:1 | Noticed an entropy weaver
 27236 | Spider:1 | Killed an entropy weaver
 27266 | Lair:2   | Reached XP level 15. HP: 76/126 MP: 21/21
 27596 | Spider:1 | Received a gift from Okawaru
 28734 | Spider:2 | Noticed Azrael
 29028 | Spider:2 | Found a runed door.
 29031 | Spider:2 | Noticed P0WERM0DE's ghost (journeyman DDFi)
 29110 | Spider:2 | Reached skill level 10 in Dodging
 29447 | Spider:2 | Killed Azrael
 29850 | Spider:3 | Received a gift from Okawaru
 29953 | Spider:3 | Paralysed by a hornet for 2 turns
 30155 | Spider:3 | Received a gift from Okawaru
 30875 | Spider:4 | Entered Level 4 of the Spider Nest
 30888 | Spider:4 | Received a gift from Okawaru
 30889 | Spider:4 | Found the +8 storm bow {elec}
 30956 | Spider:4 | Reached skill level 11 in Fighting
 31322 | Spider:4 | Received a gift from Okawaru
 31352 | Spider:4 | Reached XP level 16. HP: 139/139 MP: 22/22
 31388 | Spider:4 | Reached skill level 12 in Fighting
 31396 | Spider:4 | Received a gift from Okawaru
 31976 | Spider:4 | Received a gift from Okawaru
 31980 | Spider:4 | Got a scorched shortbow {god gift}
 31981 | Spider:4 | Identified the +5 shortbow "Qyhoj" {freeze, Int+4} (Okawaru
                  | gifted it to you on level 4 of the Spider Nest)
 32252 | Spider:4 | Reached skill level 13 in Fighting
 32588 | Spider:4 | Received a gift from Okawaru
 32678 | Spider:4 | Gained mutation: Your body sometimes deteriorates upon
                  | taking damage. [mutagenic glow]
 32965 | Spider:4 | Reached skill level 14 in Fighting
 33175 | Spider:4 | Got a gossamer rune of Zot
 33347 | Shoals:1 | Entered Level 1 of the Shoals
 33392 | Shoals:1 | Found Laxzyoth's Armour Shoppe.
 33413 | Shoals:1 | Found a runed gate.
 33413 | Shoals:1 | Found a runed gate.
 33413 | Shoals:1 | Found a runed gate.
 33419 | Shoals:1 | Noticed Dyleax's ghost (adept DsAK)
 33533 | Shoals:1 | Found Ruci's Distillery.
 33606 | Shoals:1 | Bought a potion of mutation for 104 gold pieces
 33843 | Shoals:1 | Found Piampy's Armour Shoppe.
 33968 | Shoals:1 | Noticed Roxanne
 34158 | Shoals:2 | Received a gift from Okawaru
 34329 | Shoals:2 | Received a gift from Okawaru
 34334 | Shoals:2 | Got a fine helmet {god gift}
 34338 | Shoals:2 | Identified the +2 helmet of Inquiry {rN+ Dex+4} (Okawaru
                  | gifted it to you on level 2 of the Shoals)
 35282 | Shoals:3 | Got a steaming chain mail
 35296 | Shoals:3 | Identified the cursed +1 chain mail of Midnight {-Cast +Inv
                  | rN+ Int+6} (You found it on level 3 of the Shoals)
 35408 | Shoals:3 | Reached XP level 17. HP: 148/152 MP: 23/23
 35492 | Shoals:3 | Noticed a kraken
 35521 | Shoals:3 | Killed a kraken
 36533 | Shoals:3 | Noticed a kraken
 36573 | Shoals:3 | Killed a kraken
 36882 | Shoals:3 | Received a gift from Okawaru
 37122 | Shoals:4 | Entered Level 4 of the Shoals
 37125 | Shoals:4 | Noticed Ilsuiw
 37478 | Shoals:4 | Killed Ilsuiw
 37478 | Shoals:4 | Received a gift from Okawaru
 37514 | Shoals:4 | Reached skill level 15 in Fighting
 38193 | Shoals:4 | Received a gift from Okawaru
 38498 | Shoals:4 | Noticed a kraken
 38535 | Shoals:4 | Reached skill level 16 in Fighting
 38565 | Shoals:4 | Reached skill level 1 in Evocations
 40300 | Shoals:4 | Got a barnacled rune of Zot
 40334 | Shoals:4 | Reached skill level 5 in Evocations
 40791 | Vaults:1 | Entered Level 1 of the Vaults
 41014 | Vaults:1 | Received a gift from Okawaru
 41224 | Vaults:1 | Reached XP level 18. HP: 121/166 MP: 24/24
 41280 | Vaults:1 | Cast into level 3 of the Abyss (a wizard)
 41290 | Abyss:3  | Found a corrupted altar of Lugonu.
 41468 | Abyss:4  | Received a gift from Okawaru
 41929 | Abyss:4  | Got an abyssal rune of Zot
 41947 | Vaults:1 | Escaped the Abyss
 43568 | Vaults:1 | Received a gift from Okawaru
 44290 | Vaults:2 | Reached skill level 17 in Fighting
 45264 | Vaults:2 | Received a gift from Okawaru
 45269 | Vaults:2 | Noticed Nikola
 45295 | Vaults:1 | Killed Nikola
 45295 | Vaults:1 | Received a gift from Okawaru
 45295 | Vaults:1 | Reached XP level 19. HP: 93/177 MP: 25/25
 45847 | Vaults:2 | Found a staircase to the Crypt.
 45872 | Vaults:2 | Received a gift from Okawaru
 46787 | Vaults:2 | Noticed Mara
 46804 | Vaults:2 | Killed Mara
 46804 | Vaults:2 | Received a gift from Okawaru
 46804 | Vaults:2 | Received a gift from Okawaru
 47271 | Vaults:2 | Received a gift from Okawaru
 47804 | Vaults:3 | Received a gift from Okawaru
 47817 | Vaults:3 | Got a pitted large shield {god gift}
 47850 | Vaults:3 | Reached skill level 18 in Fighting
 47857 | Vaults:3 | Identified the +1 large shield of the Oligarchy {+Inv}
                  | (Okawaru gifted it to you on level 3 of the Vaults)
 48039 | Vaults:3 | Found Ymonuab's General Store.
 48935 | Vaults:3 | Identified the +6 morningstar of the Extremes {drain,
                  | Dex+3}
 49260 | Vaults:4 | Noticed Xtahua
 49278 | Vaults:4 | Killed Xtahua
 49385 | Vaults:4 | Reached XP level 20. HP: 177/189 MP: 26/26
 49425 | Vaults:4 | Received a gift from Okawaru
 49438 | Vaults:4 | Got a transparent shortbow {god gift}
 49443 | Vaults:4 | Identified the +5 shortbow "Deikhluy" {freeze, rC+ Int+7
                  | Dex+2} (Okawaru gifted it to you on level 4 of the Vaults)
 50163 | Vaults:4 | Found Tootudiu's Armour Emporium.
 50184 | Vaults:4 | Bought the +8 orange crystal plate armour {Archmagi, Int+3
                  | Clar} for 2745 gold pieces
 50184 | Vaults:4 | Found the +8 orange crystal plate armour {Archmagi, Int+3
                  | Clar}
 50308 | Vaults:4 | Received a gift from Okawaru
 50400 | Vaults:4 | Got a transparent leather armour
 50433 | Vaults:4 | Received a gift from Okawaru
 50847 | Depths:1 | Entered Level 1 of the Depths
 51131 | Elf:1    | Entered Level 1 of the Elven Halls
 51156 | Elf:1    | Found a radiant altar of Vehumet.
 51188 | Elf:1    | Received a gift from Okawaru
 51678 | Elf:1    | Reached skill level 19 in Fighting
 51796 | Elf:1    | Noticed Frances
 51806 | Elf:1    | Killed Frances
 51825 | Elf:1    | Received a gift from Okawaru
 51829 | Elf:1    | Got an ichor-stained hand crossbow {god gift}
 51884 | Elf:1    | Found Qaum's Distillery.
 51894 | Elf:1    | Bought a potion of mutation for 96 gold pieces
 52713 | Elf:2    | Received a gift from Okawaru
 52762 | Elf:2    | Found Vimirea's Assorted Antiques.
 52762 | Elf:2    | Found Visud's Distillery.
 52764 | Elf:2    | Found Xeeramon's Antique Armour Boutique.
 52767 | Elf:2    | Found Oplatzej's Weapon Shop.
 52784 | Elf:2    | Bought a scroll of fog for 82 gold pieces
 52917 | Elf:2    | Found a runed gate.
 52917 | Elf:2    | Found a runed gate.
 52919 | Elf:2    | Found a runed gate.
 53263 | Elf:3    | Entered Level 3 of the Elven Halls
 53273 | Elf:3    | Received a gift from Okawaru
 53557 | Elf:3    | Found Sarou's General Store.
 53594 | Elf:3    | Received a gift from Okawaru
 53636 | Elf:3    | Reached skill level 15 in Dodging
 53641 | Elf:3    | Reached skill level 15 in Armour
 53647 | Elf:3    | Reached XP level 21. HP: 142/199 MP: 23/27
 54260 | Elf:3    | Received a gift from Okawaru
 54568 | Elf:3    | Cast into level 2 of the Abyss (a deep elf demonologist)
 54577 | Elf:3    | Escaped the Abyss
 54582 | Elf:3    | Received a gift from Okawaru
 54585 | Elf:3    | Got a pair of dazzling gloves {god gift}
 54586 | Elf:3    | Identified the +0 pair of gloves of Duty {Str+4} (Okawaru
                  | gifted it to you on level 3 of the Elven Halls)
 54930 | Elf:3    | Cast into level 2 of the Abyss (a deep elf sorcerer)
 55121 | Elf:3    | Escaped the Abyss
 55169 | Elf:3    | Identified the +1 chain mail "Fevoanax" {+Inv rN++ Int-5
                  | SInv}
 55169 | Elf:3    | Identified the cursed ring "Pizumire" {rN+ Dex-3}
 55201 | Elf:3    | Identified the +6 great sword "Mawos" {antimagic, Dex+2}
 55201 | Elf:3    | Identified the ring of Walecyni {+Blink rN++ Str+5 Int+2
                  | Dex-3}
 55399 | Elf:3    | Identified the +4 morningstar of Tender Mercy {vamp, +Inv}
 55430 | Elf:3    | Identified the +8 short sword of Meonotwo {flame, MR+}
 55459 | Elf:3    | Found the +0 sword of Power
 55461 | Elf:3    | Found the +2 ratskin cloak {+Rats rPois rN+ Str-1 Int-1
                  | Dex+1}
 55560 | Elf:3    | Identified the +0 chain mail of Moral Flaws {MR+} (You
                  | found it on level 3 of the Elven Halls)
 55885 | Orc:2    | Bought a pearl ring for 145 gold pieces
 56044 | Depths:1 | Found a one-way gate to the infinite horrors of the Abyss.
 56140 | Depths:1 | Reached skill level 20 in Fighting
 56266 | Depths:1 | Received a gift from Okawaru
 56450 | Depths:1 | Received a gift from Okawaru
 56458 | Depths:1 | Got an ancient centaur barding {god gift}
 56460 | Depths:1 | Identified the +0 centaur barding of Cetimish {-Tele Int+7}
                  | (Okawaru gifted it to you on level 1 of the Depths)
 56772 | Depths:1 | Found a gateway to Hell.
 56784 | Depths:1 | Identified the Papyrus of the Frostbite
 56926 | Depths:1 | Found a runed door.
 57103 | Depths:2 | Noticed Louise
 57128 | Depths:2 | Killed Louise
 57175 | Depths:2 | Found a blossoming altar of Fedhas.
 57237 | Depths:2 | Reached XP level 22. HP: 203/211 MP: 28/28
 57525 | Depths:2 | Received a gift from Okawaru
 57580 | Depths:2 | Identified the +5 great sword "Giantbane" {slice, *Rage
                  | rN+++ Dex+5}
 57580 | Depths:2 | Identified the ring of Vaheiq {rC++ EV+3 SInv}
 58550 | Depths:3 | Paralysed by a vampire knight for 3 turns
 58555 | Depths:3 | Reached skill level 21 in Fighting
 58603 | Depths:3 | Received a gift from Okawaru
 58681 | Depths:3 | Found a one-way gate leading to the halls of Pandemonium.
 58898 | Depths:3 | Received a gift from Okawaru
 58901 | Depths:3 | Got a spiked shield {god gift}
 59204 | Depths:3 | Got a twisted helmet
 59258 | Depths:3 | Identified the +4 helmet of Qutilice {+Inv MR+} (You found
                  | it on level 3 of the Depths)
 59406 | Depths:3 | Reached skill level 22 in Fighting
 60758 | Depths:4 | Received a gift from Okawaru
 60762 | Depths:4 | Got a transparent centaur barding {god gift}
 60765 | Depths:3 | Identified the +0 centaur barding of Gehenna {MR+ Stlth+}
                  | (Okawaru gifted it to you on level 4 of the Depths)
 60843 | Depths:4 | Reached XP level 23. HP: 168/225 MP: 27/29
 61164 | Depths:4 | Found Eshroj's Jewellery Shoppe.
 61164 | Depths:4 | Found Byick's Gadget Shop.
 61165 | Depths:4 | Found Neiwoemo's Gadget Shop.
 61521 | Depths:5 | Entered Level 5 of the Depths
 61614 | Depths:5 | Reached skill level 23 in Fighting
 62544 | Depths:5 | Found a gateway to a ziggurat.
 62867 | Depths:5 | Received a gift from Okawaru
 62919 | Depths:5 | Found a shattered altar of Ashenzari.
 63048 | Depths:5 | Reached skill level 24 in Fighting
 63053 | Depths:5 | Learned a level 3 spell: Portal Projectile
 63182 | Depths:5 | Received a gift from Okawaru
 63182 | Depths:5 | Reached skill level 1 in Hexes
 63182 | Depths:5 | Reached skill level 1 in Translocations
 63186 | Depths:5 | Got a crystal longbow {god gift}
 63187 | Depths:5 | Identified the +9 longbow of Rooz {velocity, rF+ Int+3
                  | SInv} (Okawaru gifted it to you on level 5 of the Depths)
 63214 | Depths:5 | Reached skill level 1 in Spellcasting
 63223 | Depths:5 | Found a gate to the Realm of Zot.
 63500 | Zot:1    | Entered Level 1 of the Realm of Zot
 63900 | Zot:3    | Noticed a curse toe
 63906 | Zot:2    | Killed a curse toe
 63964 | Zot:4    | Noticed a curse toe
 63977 | Zot:3    | Killed a curse toe
 64370 | Zot:4    | Noticed a curse toe
 64413 | Zot:4    | Killed a curse toe
 64427 | Zot:4    | Received a gift from Okawaru
 65634 | Zot:4    | Reached skill level 5 in Hexes
 65634 | Zot:4    | Reached skill level 5 in Translocations
 65634 | Zot:4    | Reached XP level 24. HP: 208/238 MP: 19/29
 66403 | Zot:4    | Reached skill level 5 in Spellcasting
 66590 | Zot:5    | Entered Level 5 of the Realm of Zot
 66631 | Zot:5    | Found a runed gate.
 66632 | Zot:5    | Found a runed gate.
 66632 | Zot:5    | Found an opulent altar of Gozag.
 67104 | Zot:5    | Found a runed gate.
 67378 | Zot:5    | LMAO
 67378 | Zot:5    | Ok, context
 67378 | Zot:5    | Double teleport trap to lung entrances
 67378 | Zot:5    | I got a -Tele barding from oka
 67378 | Zot:5    | I was thinking: "I bet I'll need it this game"
 67482 | Depths:5 | Identified the +7 faerie dragon scales {rCorr Dex+3 SInv
                  | Stlth+}
 67482 | Depths:5 | Noticed the Enchantress
 67574 | Depths:5 | Killed the Enchantress
 68336 | Zot:5    | Noticed an ancient lich
 68686 | Zot:5    | Killed an ancient lich
 68686 | Zot:5    | Received a gift from Okawaru
 68690 | Zot:5    | Got a pair of fine gloves {god gift}
 68691 | Zot:5    | Identified the +1 pair of gloves of Hysalosm {Dex+3}
                  | (Okawaru gifted it to you on level 5 of the Realm of Zot)
 68700 | Zot:5    | To be fair, I don't really need -Tele but it's useful
 69417 | Zot:5    | Found a runed gate.
 69417 | Zot:5    | Found a runed gate.
 69417 | Zot:5    | Found an opulent altar of Gozag.
 69417 | Zot:5    | Noticed Dyme's ghost (master DDBe)
 69535 | Zot:5    | Noticed an orb of fire
 69694 | Zot:5    | Gained mutation: You are clumsy. (Dex -2) [an orb of fire]
 69699 | Zot:5    | Killed an orb of fire
 69764 | Zot:5    | Noticed an orb of fire
 69773 | Zot:5    | Gained mutation: Your spells are a little easier to cast,
                  | but a little less powerful. [an orb of fire]
 69779 | Zot:5    | Killed an orb of fire
 69800 | Zot:5    | Noticed an orb of fire
 69802 | Zot:5    | Gained mutation: You tend to lose your temper in combat.
                  | [an orb of fire]
 69806 | Zot:5    | Gained mutation: Your magical capacity is low. (-10% MP)
                  | [an orb of fire]
 69809 | Zot:5    | Killed an orb of fire
 69810 | Zot:5    | Noticed an ancient lich
 69819 | Zot:5    | Killed an ancient lich
 70136 | Zot:5    | Received a gift from Okawaru
 70518 | Zot:5    | Found a runed gate.
 70566 | Zot:5    | Reached XP level 25. HP: 245/245 MP: 30/30
 70763 | Zot:5    | Found a runed gate.
 70865 | Zot:5    | Received a gift from Okawaru
 71028 | Zot:5    | Found a runed gate.
 71034 | Zot:5    | Found a runed gate.
 71428 | Zot:5    | Found a runed gate.
 71667 | Zot:5    | Noticed an orb of fire
 71668 | Zot:5    | Gained mutation: You are occasionally teleported next to
                  | monsters. [an orb of fire]
 71677 | Zot:5    | Gained mutation: You can translocate small distances at
                  | will. [an orb of fire]
 71687 | Zot:5    | Gained mutation: You are sometimes teleported next to
                  | monsters. [an orb of fire]
 71695 | Zot:5    | Killed an orb of fire
 71701 | Zot:4    | Lost mutation: Your spells are a little easier to cast, but
                  | a little less powerful. [potion of mutation]
 71701 | Zot:4    | Lost mutation: Your magical capacity is low. (-10% MP)
                  | [potion of mutation]
 71701 | Zot:4    | Lost mutation: Your body sometimes deteriorates upon taking
                  | damage. [potion of mutation]
 71701 | Zot:4    | Lost mutation: You are clumsy. (Dex -2) [potion of
                  | mutation]
 71701 | Zot:4    | Gained mutation: Your natural rate of healing is unusually
                  | fast. [potion of mutation]
 71701 | Zot:4    | Gained mutation: You are resistant to hostile enchantments.
                  | (MR+) [potion of mutation]
 71701 | Zot:4    | Gained mutation: You are somewhat resistant to further
                  | mutation. [potion of mutation]
 71702 | Zot:4    | Lost mutation: Your natural rate of healing is unusually
                  | fast. [potion of mutation]
 71702 | Zot:4    | Lost mutation: You are resistant to hostile enchantments.
                  | (MR+) [potion of mutation]
 71702 | Zot:4    | Lost mutation: You tend to lose your temper in combat.
                  | [potion of mutation]
 71702 | Zot:4    | Lost mutation: You are sometimes teleported next to
                  | monsters. [potion of mutation]
 71702 | Zot:4    | Gained mutation: Your magical capacity is low. (-10% MP)
                  | [potion of mutation]
 71702 | Zot:4    | Gained mutation: You are weak. (Str -2) [potion of
                  | mutation]
 71702 | Zot:4    | Gained mutation: Your system is resistant to poisons.
                  | (rPois) [potion of mutation]
 71703 | Zot:4    | Lost mutation: Your system is resistant to poisons. (rPois)
                  | [potion of mutation]
 71703 | Zot:4    | Lost mutation: Your magical capacity is low. (-10% MP)
                  | [potion of mutation]
 71703 | Zot:4    | Lost mutation: You are weak. (Str -2) [potion of mutation]
 71703 | Zot:4    | Lost mutation: You are somewhat resistant to further
                  | mutation. [potion of mutation]
 71703 | Zot:4    | Gained mutation: You are partially covered in thin metallic
                  | scales. (AC +2) [potion of mutation]
 71703 | Zot:4    | Gained mutation: You are partially covered in yellow
                  | scales. (AC +2) [potion of mutation]
 71703 | Zot:4    | Gained mutation: You are partially covered in slimy green
                  | scales. (AC +2) [potion of mutation]
 72093 | Zot:5    | Noticed an orb of fire
 72352 | Zot:5    | Noticed an orb of fire
 72365 | Zot:5    | Killed an orb of fire
 72416 | Zot:5    | Gained mutation: Your body sometimes deteriorates upon
                  | taking damage. [an orb of fire]
 72426 | Zot:5    | Gained mutation: You are dopey. (Int -2) [an orb of fire]
 72433 | Zot:5    | Killed an orb of fire
 72465 | Zot:5    | Received a gift from Okawaru
 72620 | Zot:5    | Received a gift from Okawaru
 72796 | Zot:5    | Got the Orb of Zot
 72840 | Zot:5    | Noticed Umotipun the pandemonium lord
 73415 | D:1      | gg
 73416 | D:$      | Escaped with the Orb!

Vault maps used:
D:1:      tarquinn_simple_flora_water_a, minmay_misc_feat_encased
D:2:      nicolae_overflow_crystal_walls, overflow_temple_1_default
D:4:      first_ration, serial_shops, shop
D:5:      elyvilon_altar_3, lemuel_zombie_altar_yredelemnul,
          minmay_temple_entry_overgrown
D:6:      marbit_many_paths, chequers_temple_overflow_statue_of_worship,
          corexii_corridor_pit
D:8:      minmay_lair_entry_grove, uniq_joseph
D:9:      lemuel_ogre_cave, kennysheep_vampire_church, tgw_trog, grunt_ogre_cave
D:10:     uniq_sonja
D:11:     nicolae_trove_entry_crossroad, uniq_fannar
D:12:     orc_david_3, uniq_psyche
D:13:     lemuel_angel_altar
D:14:     david_vaults_5, fedhas_altar_2, david_defended_altar_orc
D:15:     hangedman_depths_entry_try_elsewhere_first,
          minmay_misc_feat_four_crosses
Temple:   minmay_temple_forest_path
Lair:1:   lemuel_reptile_caves
Lair:2:   spider_nest_entry_a, enter_volcano_3, minivault_11,
          grunt_megastairs_4, lemuel_fruit_tree
Lair:3:   gammafunk_ghost_hydra_chop, grunt_megastairs_2,
          infiniplex_staircase_pool_2, serial_bayou_shore_b
Lair:4:   minmay_shoals_entry_beasts, ebering_ghost_disaster_area,
          grunt_megastairs_3
Shoals:1: ebering_ghost_rock_garden, serial_shops, shop,
          nicolae_shop_statue_plus, shop, uniq_roxanne
Shoals:3: nicolae_shoals_kraken_intersection
Shoals:4: shoals_end_simple, shoals_ilsuiw_ice, nicolae_shoals_seven_spires
Spider:1: minivault_29
Spider:2: gammafunk_ghost_grave, uniq_azrael
Spider:4: spider_rune_water, spider_trap
Orc:1:    serial_shops, minmay_orc_keep
Orc:2:    st_orc_rangers, sword_in_stone
Elf:1:    eino_elf_arrival_altar, serial_shops, nicolae_shop_stone,
          hangedman_elven_crosses_minicolossus, uniq_frances
Elf:2:    minmay_shoptagon
Elf:3:    minmay_elf_hall_statues, serial_shops, shop
Vaults:1: nicolae_vaults_yaktaur_gun_rack, grunt_vaults_trifunnel,
          nicolae_vaults_what_the_h, nicolae_vaults_circle_grid_a,
          ontoclasm_vaults_idyll, v_pattern_3, serial_ice_b,
          ontoclasm_vaults_gateway
Vaults:2: hangedman_vaults_slice, nicolae_vaults_network_barrier,
          grunt_vaults_hallway_short, vaults_mumra_hex,
          nicolae_vaults_little_squares_3, hangedman_vaults_stream,
          nicolae_vaults_diagonal_hallway_6, minmay_crypt_entry_simple_box,
          v_misc_30, ontoclasm_vaults_shout, ontoclasm_vaults_twist,
          hangedman_vaults_maws, ontoclasm_vaults_loading_screen, uniq_mara,
          uniq_nikola
Vaults:3: vaults_standard_mumra_enter_the_diamond, v_rooms_3, v_alt_pattern_5,
          vaults_standard_mumra_x, vaults_dpeg_hooks,
          nicolae_vaults_network_square, v_misc_25, v_rooms_6,
          grunt_vaults_diagonal, grunt_vaults_hallway_short, serial_shops,
          nicolae_shop_crystal
Vaults:4: vaults_mumra_lcd, vaults_room_hallway,
          nicolae_vaults_little_squares_4, v_misc_9, hangedman_vaults_trim,
          grunt_vaults_hallway_long, v_misc_24, v_misc_32, stair_cage_open,
          vaults_room_stairs_pillars, ontoclasm_vaults_hangar, serial_shops,
          shop_fountains, uniq_xtahua
Depths:1: lightli_too_deep, glass_columns_a, hangedman_abyss_entry_splay,
          minmay_hidden_floor
Depths:2: minmay_the_grid_triangle_9x9_rhombus_full_mashed,
          nicolae_abyss_entry_one_way_or_another, hell_entry
Depths:3: minmay_skeleton_keep, serial_bayou, serial_bayou_pond_e,
          serial_bayou_pond_a, serial_bayou_shore_b, serial_bayou_pond_e,
          pan_entry, hangedman_geh_valley, minmay_misc_feat_room, special_room,
          grunt_ministairs_2
Depths:4: hangedman_elemental_death_ray, abyss_entry, kennysheep_another_room,
          hell_entry, minmay_shop_grove
Depths:5: grunt_zot_entry_gee_three, enter_ziggurat_b, hell_entry,
          ashenzari_altar_1, uniq_enchantress
Zot:3:    gammafunk_ghost_necromancy
Zot:5:    ebering_ghost_gozag
Abyss:2:  evilmike_abyss_exit_1, evilmike_abyss_exit_15
Abyss:3:  evilmike_nicolae_abyss_rune_containment_curve
Abyss:4:  hangedman_decor_lopped, nicolae_abyss_rune_left_handed,
          bh_abyss_exit_spiral

Skill      XL: |  1  2  3  4  5  6  7  8  9 10 11 12 13 14 15 16 17 18 19 20 21 22 23 24 25 |
---------------+----------------------------------------------------------------------------+-----
Bows           | 6 7 8 9 10 11 14 17 20 | 20.0
Fighting       | 3 4 5 6 8 10 11 14 16 17 18 19 20 22 24 | 24.0
Armour         | 2 3 5 7 11 12 13 14 15 16 17 | 17.3
Dodging        | 3 5 7 8 11 12 13 14 15 16 17 | 17.3
Invocations    | 3 5 9 |  9.0
Evocations     | 5 |  5.0
Hexes          | 5 8 |  8.5
Translocations | 5 8 |  8.5
Spellcasting   | 4 7 |  7.0
Stealth        | |  0.4

Action                   |  1- 3 |  4- 6 |  7- 9 | 10-12 | 13-15 | 16-18 | 19-21 | 22-24 | 25-27 || total
-------------------------+-------+-------+-------+-------+-------+-------+-------+-------+-------++-------
Melee: Short sword       |   129 |   175 |   226 |       |       |       |       |       |       ||   530
       Kick              |    24 |    23 |    56 |   108 |    45 |     4 |       |       |       ||   260
       Unarmed           |       |       |     5 |       |       |       |       |       |       ||     5
       Quarterstaff      |       |       |     8 |   272 |   116 |       |       |       |       ||   396
       Shortbow          |       |       |       |     1 |       |       |       |       |       ||     1
       Longbow           |       |       |       |       |       |     4 |       |       |       ||     4
 Fire: Shortbow          |    24 |    51 |   237 |   580 |   186 |       |       |       |       ||  1078
       Longbow           |       |       |       |   213 |  1395 |  1850 |  1888 |  1829 |   325 ||  7500
Invok: Heroism           |       |       |     1 |     1 |       |     2 |     4 |    11 |     6 ||    25
       Finesse           |       |       |       |       |       |     1 |     6 |    13 |     4 ||    24
Evoke: Wand              |       |       |       |     1 |     3 |     2 |       |     7 |     1 ||    14
       Lamp of fire      |       |       |       |       |       |       |       |     1 |       ||     1
       Phantom mirror    |       |       |       |       |       |       |       |     1 |       ||     1
  Use: Scroll            |       |    14 |     6 |     1 |    14 |    16 |     8 |    15 |       ||    74
       Potion            |       |       |     1 |       |     1 |    11 |       |     1 |     3 ||    17
  Eat: Chunk             |     1 |     5 |     7 |    18 |    23 |    23 |    24 |    16 |     3 ||   120
       Ration            |       |       |     3 |     1 |     2 |     4 |     1 |     6 |     3 ||    20
Armor: Leather armour    |    16 |       |       |       |       |       |       |       |       ||    16
       Quicksilver drago |    44 |    95 |   170 |   254 |   402 |   399 |    88 |       |       ||  1452
       Skin              |       |       |    18 |       |       |       |       |       |       ||    18
       Crystal plate arm |       |       |       |       |       |       |   297 |   689 |    76 ||  1062
Dodge: Dodged            |    72 |    85 |   135 |   301 |   473 |   588 |   247 |   313 |    33 ||  2247

Table legend:
 A = Non-vault XP
 B = Vault XP
 C = Vault XP percentage of total XP
 D = Non-vault monster count
 E = Vault monster count
 F = Vault count percentage of total count
                 A         B        C        D         E       F
            +---------+---------+-------+---------+---------+-------
      Total |  685869 |  574503 |  45.6 |    1341 |     680 |  33.6
            +---------+---------+-------+---------+---------+-------
        D:1 |      27 |       0 |   0.0 |      17 |       0 |   0.0
        D:2 |      50 |       0 |   0.0 |      17 |       0 |   0.0
        D:3 |      81 |       0 |   0.0 |      27 |       0 |   0.0
        D:4 |     437 |       0 |   0.0 |      27 |       0 |   0.0
        D:5 |     214 |       4 |   1.8 |       5 |       2 |  28.6
        D:6 |     668 |      58 |   8.0 |      19 |       1 |   5.0
        D:7 |     770 |     870 |  53.0 |      12 |       5 |  29.4
        D:8 |    2668 |    1481 |  35.7 |      29 |       8 |  21.6
        D:9 |    1295 |    2953 |  69.5 |      15 |      26 |  63.4
       D:10 |    5671 |     535 |   8.6 |      41 |       1 |   2.4
       D:11 |    4414 |    1033 |  19.0 |      33 |       1 |   2.9
       D:12 |    5390 |     605 |  10.1 |      40 |       7 |  14.9
       D:13 |    6965 |       0 |   0.0 |      26 |       0 |   0.0
       D:14 |    2073 |    1433 |  40.9 |      11 |       6 |  35.3
       D:15 |   12874 |    3028 |  19.0 |      41 |       4 |   8.9
     Lair:1 |    2957 |    2498 |  45.8 |      13 |      36 |  73.5
     Lair:2 |    8507 |    4541 |  34.8 |      34 |      16 |  32.0
     Lair:3 |    4106 |     611 |  13.0 |      16 |       3 |  15.8
     Lair:4 |    8346 |    1318 |  13.6 |      30 |       5 |  14.3
   Shoals:1 |   13528 |       0 |   0.0 |      26 |       0 |   0.0
   Shoals:2 |   12525 |       0 |   0.0 |      29 |       0 |   0.0
   Shoals:3 |   21900 |    4873 |  18.2 |      38 |       5 |  11.6
   Shoals:4 |   17576 |   23195 |  56.9 |      33 |      35 |  51.5
   Spider:1 |    9386 |    5751 |  38.0 |      26 |      39 |  60.0
   Spider:2 |   12133 |    1470 |  10.8 |      46 |       2 |   4.2
   Spider:3 |   12579 |       0 |   0.0 |      38 |       0 |   0.0
   Spider:4 |   18397 |   25116 |  57.7 |      48 |      44 |  47.8
      Orc:1 |    2433 |     404 |  14.2 |      19 |       9 |  32.1
      Orc:2 |    2991 |    5338 |  64.1 |      32 |      40 |  55.6
      Elf:1 |   19090 |   17471 |  47.8 |      29 |      24 |  45.3
      Elf:2 |   18398 |    2694 |  12.8 |      28 |       3 |   9.7
      Elf:3 |   23879 |   47363 |  66.5 |      41 |      31 |  43.1
   Vaults:1 |   30430 |   22046 |  42.0 |      56 |      36 |  39.1
   Vaults:2 |   35266 |   43063 |  55.0 |      50 |      47 |  48.5
   Vaults:3 |   31464 |   19701 |  38.5 |      49 |      24 |  32.9
   Vaults:4 |   25554 |   11602 |  31.2 |      37 |      10 |  21.3
   Depths:1 |   47143 |    6918 |  12.8 |      55 |       7 |  11.3
   Depths:2 |   23787 |   28071 |  54.1 |      29 |      24 |  45.3
   Depths:3 |   18074 |   58859 |  76.5 |      22 |      74 |  77.1
   Depths:4 |   21279 |    8043 |  27.4 |      23 |      13 |  36.1
   Depths:5 |   41920 |   38946 |  48.2 |      37 |      25 |  40.3
      Zot:1 |    6555 |       0 |   0.0 |       5 |       0 |   0.0
      Zot:2 |   11182 |       0 |   0.0 |       5 |       0 |   0.0
      Zot:3 |   12516 |       0 |   0.0 |       5 |       0 |   0.0
      Zot:4 |   64610 |    6120 |   8.7 |      30 |       2 |   6.2
      Zot:5 |   57892 |  167758 |  74.3 |      34 |      41 |  54.7
    Abyss:2 |    3585 |       0 |   0.0 |       7 |       0 |   0.0
    Abyss:3 |    1075 |       0 |   0.0 |       6 |       0 |   0.0
    Abyss:4 |    1209 |    8733 |  87.8 |       5 |      24 |  82.8
            +---------+---------+-------+---------+---------+-------
